Map: Prion Terraces

Players

БольшойБОСС

  • Race: Terran Terran
  • League: Grandmaster

AcerBly (Bly) - Winner!

  • Race: Zerg Zerg
  • League: Grandmaster

Event: Gauntlet LotV Series 1 Qualifier 2

VOD

Have the link to the VOD?

Description

Time

  • Played on: Dec. 5, 2015, 5:20 p.m.
  • Length: 6:51

All games in this series

Show
View Real Time Build Order
Export as new Build Order

БольшойБОСС Terran 

Build Orders:  

Get SALT Encoding   

  12  0:31  Supply Depot  
  12  0:54  Barracks  
  12  0:55  Barracks  
  12  1:02  SCV  
  13  1:14  Barracks  
  13  1:16  SCV  
  14  1:41  Marine  
  14  1:42  Orbital Command, Marine  
  16  1:48  Supply Depot  
  16  1:59  Marine  
  16  2:00  Marine  
  18  2:03  Marine  
  19  2:08  Bunker  
  19  2:17  Marine x2  
  19  2:21  Marine  
  22  2:35  Marine x2  
  24  2:37  Bunker  
  24  2:39  Marine  
  24  2:52  Marine  
  24  2:53  Marine  
  24  2:57  Marine  
  26  3:10  Marine  
  26  3:11  Marine  
  27  3:14  Marine  
  21  3:28  Marine  
  21  3:29  Marine  
  21  3:32  Marine  
  20  3:46  Marine x2  
  21  3:50  Marine  
  15  4:04  Marine x2  
  15  4:08  Marine  
  18  4:22  Marine x2  
  20  4:26  SCV, Marine  
  20  4:39  Marine  
  20  4:40  Marine  
  20  4:43  Marine  
  19  4:57  Marine  
  19  4:58  Marine  
  21  5:01  Marine  
  17  5:15  Marine  
  17  5:16  Marine  
  17  5:19  Marine  
  18  5:27  SCV  
  15  5:30  Barracks  
  15  5:33  Bunker, Marine x2  
  17  5:37  Marine  
  17  5:39  SCV  
  19  5:51  SCV, Marine x2  
  19  5:55  Marine  
  21  6:04  SCV  
  20  6:08  Marine  
  20  6:09  Marine  
  22  6:13  Marine  
  22  6:16  SCV  
  24  6:24  Marine  
  24  6:26  Marine  
  24  6:27  Marine  
  24  6:30  Marine  
  24  6:31  SCV  
Show
View Real Time Build Order
Export as new Build Order

AcerBly Zerg - Winner!

Build Orders: Hatch First 

Get SALT Encoding   

  12  0:01  Drone  
  13  0:13  Overlord  
  13  0:18  Drone  
  14  0:31  Drone x2  
  14  0:35  Drone  
  17  0:51  Hatchery  
  17  0:55  Drone  
  17  0:59  Extractor  
  17  1:00  Drone  
  17  1:16  Spawning Pool  
  17  1:17  Drone  
  17  1:19  Drone  
  18  1:28  Drone  
  19  1:39  Overlord  
  19  2:02  Zergling x4  
  19  2:04  Queen  
  19  2:07  Roach Warren, Zergling x2  
  23  2:11  Zergling x2  
  23  2:13  Queen  
  26  2:17  Zergling x2  
  27  2:26  Overlord  
  26  2:49  Roach  
  26  2:50  Roach  
  26  2:52  Roach x3  
  26  2:55  Roach  
  34  3:03  Roach  
  34  3:08  Roach  
  30  3:25  Roach x3  
  32  3:28  Roach  
  32  3:32  Roach  
  32  3:41  Roach  
  32  3:49  Roach  
  34  4:02  Drone x3  
  33  4:04  Drone x2  
  35  4:15  Overlord  
  35  4:21  Queen  
  35  4:35  Roach x2  
  35  4:36  Roach x2  
  41  4:38  Roach  
  41  4:47  Roach  
  41  4:53  Roach  
  41  4:56  Overlord  
  41  5:10  Roach  
  41  5:11  Overlord  
  43  5:18  Drone x5  
  44  5:24  Drone  
  44  5:26  Drone x3  
  44  5:27  Extractor  
  47  5:30  Ravager  
  47  5:34  Roach  
  50  5:44  Roach  
  50  5:49  Overlord  
  52  5:52  Drone  
  52  5:53  Drone x3  
  54  6:08  Ravager  
  54  6:09  Zergling x8  
  59  6:21  Roach x2  
  59  6:23  Overlord  
  59  6:25  Roach x3, Extractor  
  68  6:27  Overlord  
Tags
 
Add a new tag
Caveats
  • Supply blocks, unpowered buildings, or Contaminate may cause inaccurate times.
  • Supply counts are checked every 10 seconds.